 Dungeon Crawl Stone Soup version 0.29.0-15-g675c0067aa (webtiles) character file.

Game seed: 15306756790823705873

3738 themarg the Fighter (level 9, -5/83 HPs)
             Began as a Minotaur Berserker on Sept 11, 2022.
             Was an Elder of Trog.
             Shot with a bolt by an orc (6 damage)
             ... in a bailey.
             The game lasted 00:24:04 (9913 turns).

themarg the Fighter (Minotaur Berserker)            Turns: 9913, Time: 00:24:06

Health: -5/83      AC:  9    Str: 26    XL:     9   Next: 93%
Magic:  8/8        EV: 13    Int:  4    God:    Trog [****..]
Gold:   489        SH:  0    Dex: 10    Spells: 8/8 levels left

rFire   + . .      SeeInvis .   a - +0 hand axe
rCold   + . .      Faith    .   (no shield)
rNeg    . . .      Spirit   .   y - +1 ring mail of the Arcane {Slay+6}
rPois   .          Reflect  .   (helmet restricted)
rElec   .          Harm     .   x - scarf {rC+ rF+}
rCorr   .          Rampage  .   (no gloves)
Will    ++...                   b - +0 pair of boots
Stlth   ..........              (no amulet)
HPRegen 1.23/turn               (no ring)
MPRegen 0.11/turn               (no ring)

@: strong-willed, regenerating
A: horns 2, retaliatory headbutt
a: Renounce Religion, Berserk, Trog's Hand, Brothers in Arms


You were in a bailey.
You worshipped Trog.
Trog was greatly pleased with you.
You visited 1 branch of the dungeon, and saw 8 of its levels.
You also visited: Ossuary and Bailey.

You collected 489 gold pieces.

Inventory:

Hand Weapons
 a - a +0 hand axe (weapon)
 G - a +0 spear
 H - a +0 arbalest
Missiles
 q - 4 throwing nets (quivered)
 E - 4 poisoned darts
Armour
 b - a +0 pair of boots (worn)
 d - a +0 ring mail
 x - a scarf of resistance (worn)
 y - the +1 ring mail of the Arcane (worn) {Slay+6}
   (You found it on level 8 of the Dungeon)

   Slay:      It affects your accuracy & damage with ranged weapons and melee
   (+6).
Jewellery
 h - a ring of protection from fire
Wands
 u - a wand of polymorph (13)
Scrolls
 e - 6 scrolls of teleportation
 k - a scroll of noise
 m - a scroll of vulnerability {unknown}
 n - 5 scrolls of fear
 o - 3 scrolls of fog
 p - 2 scrolls of enchant weapon {unknown}
 v - a scroll of silence {unknown}
 w - a scroll of poison {unknown}
 z - a scroll of blinking {unknown}
 A - 2 scrolls of amnesia {unknown}
 B - a scroll of magic mapping {unknown}
 C - a scroll of summoning {unknown}
Potions
 c - 4 potions of heal wounds
 f - 2 potions of ambrosia {unknown}
 g - 5 potions of curing {unknown}
 i - 3 potions of flight
 j - 2 potions of invisibility
 l - 3 potions of degeneration
 r - a potion of might {unknown}
 s - a potion of resistance {unknown}
 t - a potion of attraction {unknown}
 D - a potion of haste {unknown}
 F - a potion of magic {unknown}


   Skills:
 + Level 9.3 Fighting
 + Level 9.3 Axes
 + Level 8.9 Armour
 + Level 8.1 Dodging


You had 8 spell levels left.
You didn't know any spells.
Your spell library was empty.

Dungeon Overview and Level Annotations

Branches:
Dungeon (8/15)             Temple (0/1) D:5            Lair (0/5) D:8
Ossuary (visited)          Bailey (1/1)

Altars:
Elyvilon
Gozag
Okawaru
Ru
Vehumet
Wu Jian

Shops:
D:4 (   D:7 *([(

Annotations:
D:3 3 runed translucent doors, Bronimir's ghost, amateur GrMo; Rudyous's ghost, amateur HOFi
D:8 3 exclusions


Innate Abilities, Weirdness & Mutations

You have a pair of horns on your head.
You reflexively headbutt those who attack you in melee.


Message History

The orc shoots a bolt.
The bolt hits you.
The orc warrior shoots a bolt.
The bolt misses you.
The orc shoots a bolt.
The bolt barely misses you.
The orc warrior shoots a bolt.
The bolt closely misses you.
The orc shoots a bolt.
The bolt hits you!
The orc warrior shoots a bolt.
The bolt hits you.
The orc shoots a bolt.
The bolt hits you but does no damage.
The orc warrior unwields a +0 arbalest.
The orc warrior hits you but does no damage.
You slash the orc warrior!
The orc warrior is heavily wounded.
The orc shoots a bolt.
The bolt hits you! The orc warrior barely misses you.
You closely miss the orc warrior.
The orc warrior is heavily wounded.
The orc shoots a bolt.
The bolt closely misses you.
You barely miss the orc warrior.
The orc warrior is heavily wounded.
The orc warrior hits you but does no damage.
You hit the orc warrior but do no damage.
The orc warrior is heavily wounded.
The orc warrior barely misses you.
You slash the orc warrior! Your headbutt misses the orc warrior.
The orc warrior is severely wounded.
The orc warrior shoots a bolt.
The bolt hits you.
* * * LOW HITPOINT WARNING * * *
The orc shoots a bolt.
The bolt closely misses you.
The orc warrior hits you but does no damage.
The orc shoots a bolt.
The bolt hits you!
* * * LOW HITPOINT WARNING * * *
The orc warrior wields a +0 arbalest.
The orc warrior shoots a bolt.
The bolt misses you.
The orc shoots a bolt.
The bolt completely misses you.
The orc warrior shoots a bolt.
The bolt closely misses you.
Your skin crawls.
You feel strong-willed. Trog will no longer gift you weapons.
The orc warrior shoots a bolt.
The bolt hits you!
* * * LOW HITPOINT WARNING * * *
The orc shoots a bolt.
The bolt hits you.
You die...

#########################
.......................∩#
........................#
........................#
.............o..@.......#
~~~~~~~~~~~~~≈≈≈≈≈~.....#
~~~~~~~~~~~o≈≈###≈≈.....#
~~~~~~~~~~~o≈##.##≈.....#
~~~~~~~~~~~o~....#≈.....#
~~~~~~~~~~~~≈#∩.##≈.....#
~#######~~~~≈##.#≈≈.....#
## #~~~~ ≈~≈≈~.....# #
~~~~.....#


You could see 2 orc warriors and 2 orcs.

Vanquished Creatures
  A wyvern (D:7)
  2 orc warriors (Bailey)
  A sky beast (D:6)
  4 ice beasts
  2 ogres
  A centaur (D:6)
  3 phantoms
  A kobold brigand (D:6)
  3 elf zombies (Ossuary)
  2 bullfrogs
  2 necrophages
  5 scorpions
  A wight (D:6)
  5 killer bees (D:8)
  An electric eel (D:6)
  2 human zombies (Ossuary)
  A centaur zombie (Ossuary)
  4 hounds
  A jelly (D:6)
  6 orc priests
  2 gnoll boudas
  3 orc wizards
  5 iguanas
  A hound zombie (Ossuary)
  3 mummies (Ossuary)
  7 gnolls
  9 adders
  3 shadow imps (D:6)
  2 white imps
  An ufetubus (D:4)
  3 adder zombies (Ossuary)
  2 worms (D:3)
  5 dart slugs
  31 orcs
  4 ball pythons
  6 bats
  7 endoplasms
  3 giant cockroaches
  A gnoll zombie (Ossuary)
  17 goblins
  3 hobgoblins (D:1)
  9 jackals
  8 kobolds
  2 quokkas
  2 frilled lizards
  4 goblin zombies (Ossuary)
  6 hobgoblin zombies (Ossuary)
  4 jackal zombies (Ossuary)
  3 kobold zombies (Ossuary)
  An orc zombie (Ossuary)
  3 quokka zombies (Ossuary)
  10 rats
  5 rat zombies (Ossuary)
223 creatures vanquished.

Vanquished Creatures (collateral kills)
  Maggie (D:6)
1 creature vanquished.

Vanquished Creatures (others)
  2 fungi (D:1)
  A plant (D:1)
  6 withered plants (D:3)
9 creatures vanquished.

Grand Total: 233 creatures vanquished

Notes
Turn   | Place    | Note
-------+----------+-------------------------------------------
     0 | D:1      | themarg the Minotaur Berserker began the quest for the Orb.
     0 | D:1      | Reached XP level 1. HP: 19/19 MP: 0/0
   298 | D:1      | Reached XP level 2. HP: 22/27 MP: 1/1
   438 | D:1      | Found a faded altar of an unknown god.
   599 | D:1      | Reached ** piety under Trog
   600 | D:1      | Reached XP level 3. HP: 31/33 MP: 2/2
  1427 | D:3      | Reached XP level 4. HP: 41/41 MP: 3/3
  1484 | D:3      | Found a runed translucent gate.
  1484 | D:3      | Found a runed translucent gate.
  1484 | D:3      | Found a runed translucent gate.
  1487 | D:3      | Noticed Bronimir's ghost (amateur GrMo)
  1487 | D:3      | Noticed Rudyous's ghost (amateur HOFi)
  1704 | D:3      | Found an iron altar of Okawaru.
  1797 | D:3      | Reached *** piety under Trog
  2161 | D:3      | Reached XP level 5. HP: 39/47 MP: 4/4
  2568 | D:4      | Found a radiant altar of Vehumet.
  2822 | D:4      | Reached skill level 5 in Fighting
  2822 | D:4      | Reached skill level 5 in Axes
  2847 | D:4      | Reached XP level 6. HP: 52/56 MP: 5/5
  2871 | D:4      | Found Xyiprij's Weapon Emporium.
  4025 | D:4      | Reached skill level 5 in Armour
  4025 | D:4      | Reached XP level 7. HP: 62/62 MP: 6/6
  4288 | D:5      | Entered Level 5 of the Dungeon
  4326 | D:5      | Found a sand-covered staircase.
  4330 | Ossuary  | Entered an ossuary
  4392 | Ossuary  | Reached **** piety under Trog
  4449 | Ossuary  | Reached skill level 5 in Dodging
  4861 | Ossuary  | Reached XP level 8. HP: 52/71 MP: 7/7
  5196 | D:5      | Found a staircase to the Ecumenical Temple.
  6583 | D:6      | Reached ***** piety under Trog
  6816 | D:6      | Reached XP level 9. HP: 52/81 MP: 8/8
  7286 | D:6      | Noticed Maggie
  7294 | D:6      | Killed Maggie
  7490 | D:6      | Found an ornate altar of the Wu Jian Council.
  7666 | D:6      | Found a sacrificial altar of Ru.
  7748 | D:6      | Found a white marble altar of Elyvilon.
  8047 | D:7      | Found Tacsoicwets's Antique Weapon Emporium.
  8273 | D:7      | Found Keschuzi's Assorted Antiques.
  8665 | D:7      | Found Hutoux's Antique Armour Shop.
  8704 | D:7      | Found Edifasaps's Weapon Shop.
  9040 | D:8      | Found an opulent altar of Gozag.
  9089 | D:8      | Identified the +1 ring mail of the Arcane {Slay+6}
  9126 | D:8      | Found a staircase to the Lair.
  9174 | D:8      | Found a flagged portal.
  9271 | Bailey   | Entered a bailey
  9913 | Bailey   | HP: 1/83 [orc warrior/bolt (12)]
  9913 | Bailey   | Shot with a bolt by an orc

Illustrated notes

Levels and vault maps discovered:
D:1:      evilmike_arrival_crescent, layout_rooms,
          shapermc_ecumenical_altar_mp_ritualfount, minmay_tetromino_i2
D:2:      layout_basic, minmay_misc_feat_columns
D:3:      layout_basic, mainiacjoe_overflow_paths, gammafunk_ghost_cemetery,
          chequers_serial_rivers_micro_a, hangedman_decor_lopped
D:4:      layout_gridville, mainiacjoe_overflow_alcove_2, serial_shops,
          nicolae_square_shop, columned_hall_lemuel, st_stairs_4,
          minmay_quantized
D:5:      layout_basic, minmay_temple_entry_statues_fountains, enter_ossuary_5,
          hex_tiny
D:6:      cheibrodos_helix_gallery, layout_cave_pods, lemuel_tele_altar,
          mainiacjoe_overflow_surrounded_room, elyvilon_altar_3,
          minmay_joined_circles, uniq_maggie
D:7:      layout_basic, serial_shops, shop, nicolae_shop_stone,
          nicolae_shop_stone, nicolae_diamond_shop
D:8:      layout_rooms, kennysheep_little_box, grunt_gozag_statues,
          lemuel_doored_altar, lair_entry_dummy, enter_bailey_3,
          minmay_misc_feat_encased
Bailey:   bailey_polearm_2, bailey

Skill      XL: |  1  2  3  4  5  6  7  8  9 |
---------------+----------------------------+-----
Fighting       | 4 5 6 7 9 |  9.3
Axes           | 4 5 6 7 9 |  9.3
Armour         | 3 4 5 6 7 8 |  8.9
Dodging        | 3 4 5 6 8 |  8.1

Action                   |  1- 3 |  4- 6 |  7- 9 || total
-------------------------+-------+-------+-------++-------
Melee: Hand axe          |    79 |   118 |   379 ||   576
       Headbutt          |    13 |    19 |    81 ||   113
       Punch             |       |       |     2 ||     2
 Fire: Arbalest          |       |       |     3 ||     3
Invok: Berserk           |       |     2 |     2 ||     4
       Trog's Hand       |       |       |     2 ||     2
       Brothers in Arms  |       |       |     1 ||     1
  Use: Scroll            |       |       |     8 ||     8
Armor: Animal skin       |     9 |       |       ||     9
       Ring mail         |    27 |    42 |   136 ||   205
Dodge: Dodged            |    58 |    72 |   259 ||   389
